 Dungeon Crawl Stone Soup version 0.29-a0-650-g8101c4d (webtiles) character file.

Game seed: 1607101113946753338

1233 Illumine the Cleaver (level 8, -2/71 HPs)
             Began as a Minotaur Fighter on June 21, 2022.
             Slain by an acid dragon (11 damage)
             ... on level 7 of the Dungeon.
             The game lasted 00:03:43 (4642 turns).

Illumine the Cleaver (Minotaur Fighter)             Turns: 4642, Time: 00:03:44

Health: -2/71      AC:  2    Str: 24    XL:     8   Next: 24%
Magic:  7/7        EV: 14    Int:  5    God:
Gold:   370        SH:  9    Dex:  9    Spells: 7/7 levels left

rFire   . . .      SeeInvis .   u - +2 hand axe (flame)
rCold   . . .      Faith    .   c - +0 buckler
rNeg    . . .      Spirit   .   b - +0 scale mail
rPois   .          Reflect  +   (helmet restricted)
rElec   .          Harm     .   n - +0 cloak
rCorr   .          Rampage  .   p - +0 pair of gloves
Will    .....                   (no boots)
Stlth   ..........              k - amulet of reflection
HPRegen 0.21/turn               i - +4 ring of evasion
MPRegen 0.10/turn               (no ring)

@: corroded
A: horns 2, retaliatory headbutt
a: no special abilities


You were on level 7 of the Dungeon.
You visited 1 branch of the dungeon, and saw 7 of its levels.

You collected 370 gold pieces.

Inventory:

Hand Weapons
 a - a +0 war axe
 u - a +2 hand axe of flaming (weapon)
Armour
 b - a +0 scale mail (worn)
 c - a +0 buckler (worn)
 n - a +0 cloak (worn)
 p - a +0 pair of gloves (worn)
Jewellery
 i - a +4 ring of evasion (left hand)
 k - an amulet of reflection (around neck)
Wands
 s - a wand of flame (16)
Scrolls
 j - a scroll of blinking {unknown}
 l - a scroll of teleportation {unknown}
 m - a scroll of noise {unknown}
 o - a scroll of enchant weapon {unknown}
 q - a scroll of poison {unknown}
 r - a scroll of torment
 t - a scroll of enchant armour {unknown}
 y - a scroll of amnesia {unknown}
 A - 2 scrolls of identify
Potions
 d - 2 potions of might
 e - 2 potions of haste
 f - a potion of brilliance {unknown}
 g - a potion of resistance {unknown}
 h - a potion of cancellation {unknown}
 v - a potion of degeneration {unknown}
 w - a potion of mutation {unknown}
 x - a potion of berserk rage {unknown}


   Skills:
 + Level 6.6 Fighting
 * Level 8.3 Axes
 + Level 6.6 Armour
 - Level 3.0 Dodging
 - Level 4.0 Shields


You had 7 spell levels left.
You didn't know any spells.
Your spell library contained the following spells:

 Spells                   Type           Power      Damage    Failure   Level
 Beastly Appendage        Tmut           0%         N/A       83%         1
 Wereblood                Tmut           0%         N/A       93%         2
 Spider Form              Tmut/Pois      0%         N/A       99%         3
 Fulminant Prism          Conj/Hex       0%         3d6       100%        4
 Iskenderun's Mystic Bla  Conj/Tloc      0%         2d3       100%        4
 Lee's Rapid Deconstruct  Erth           0%         3d5*      100%        5


Dungeon Overview and Level Annotations

Branches:
Dungeon (7/15)
 Temple: D:4-7

Altars:
Gozag
Hepliaklqana
Nemelex Xobeh
Okawaru
Zin

Shops:
D:5 **

Annotations:
D:3 exclusion: goblin
D:5 Dowan, Duvessa


Innate Abilities, Weirdness & Mutations

You have a pair of horns on your head.
You reflexively headbutt those who attack you in melee.


Message History

Found a whip.
No target in view!
You see here a +0 whip.
A white imp and an acid dragon come into view.
The white imp shouts!
The acid dragon roars!
The white imp gestures at you. The puff of frost hits you.
The acid dragon spits acid at you. The splash of acid hits you!
The acid corrodes you!
You hit the acid dragon but do no damage.
You headbutt the acid dragon, but do no damage.
You block the acid dragon's attack. x2
You closely miss the acid dragon.
You headbutt the acid dragon, but do no damage.
You closely miss the acid dragon. You block the acid dragon's attack.
The acid dragon claws you but does no damage.
You closely miss the acid dragon. You block the acid dragon's attack. x2
You barely miss the acid dragon. The acid dragon bites you!
You block the acid dragon's attack.
You slash the acid dragon! You burn the acid dragon.
The acid dragon is heavily wounded.
The acid dragon closely misses you.
The acid dragon claws you but does no damage.
The white imp gestures at you. The puff of frost hits you!
You hit the acid dragon. You burn the acid dragon.
The acid dragon is severely wounded.
The acid dragon spits acid at you. The splash of acid hits you!!
* * * LOW HITPOINT WARNING * * *
The acid corrodes you!
You barely miss the acid dragon.
The acid dragon is severely wounded.
You hit the white imp but do no damage. The white imp barely misses you.
The acid dragon bites you!
* * * LOW HITPOINT WARNING * * *
You block the acid dragon's attack.
A phantom comes into view.
You feel better. The acid dragon bites you!
You die...

# .. ######.#
########......#
#.......5@D...#
#..####.####.....
#..##.....## #W#
########..#.).....#
....>.....#.......#
########......_.....$
#.....#.#.......#..#
#.####..#.......#5..
#..##.....## ##


You could see an acid dragon (catching breath), a phantom and a white imp.

Vanquished Creatures
  A basilisk (D:6)
  A wraith (D:6)
  An ice beast (D:6)
  A centaur (D:6)
  A phantom (D:6)
  Blork the orc (D:6)
  2 scorpions
  4 orc priests
  3 hounds
  3 iguanas
  2 orc wizards (D:6)
  4 adders
  4 gnolls (D:6)
  A white imp (D:5)
  An ufetubus (D:4)
  2 worms
  A dart slug (D:2)
  14 orcs
  2 ball pythons
  7 endoplasms
  2 giant cockroaches
  10 goblins
  14 hobgoblins
  4 quokkas
  6 bats
  A frilled lizard (D:1)
  7 kobolds
  5 rats
105 creatures vanquished.

Vanquished Creatures (others)
  2 plants
2 creatures vanquished.

Grand Total: 107 creatures vanquished

Notes
Turn   | Place    | Note
-------+----------+-------------------------------------------
     0 | D:1      | Illumine the Minotaur Fighter began the quest for the Orb.
     0 | D:1      | Reached XP level 1. HP: 19/19 MP: 0/0
   123 | D:1      | Reached XP level 2. HP: 18/27 MP: 1/1
   131 | D:1      | Reached skill level 3 in Axes
   543 | D:2      | Reached XP level 3. HP: 33/33 MP: 2/2
  1312 | D:3      | Found a faded altar of an unknown god.
  1318 | D:3      | Reached skill level 4 in Axes
  1318 | D:3      | Reached skill level 1 in Dodging
  1318 | D:3      | Reached XP level 4. HP: 26/40 MP: 3/3
  1949 | D:3      | Reached XP level 5. HP: 38/47 MP: 4/4
  2138 | D:3      | Found a hazy altar of Hepliaklqana.
  2425 | D:4      | Reached skill level 5 in Axes
  2613 | D:4      | Reached XP level 6. HP: 25/55 MP: 5/5
  2815 | D:4      | You fall into a shaft and drop 2 floors!
  2938 | D:6      | Reached skill level 5 in Fighting
  2996 | D:6      | Reached skill level 5 in Armour
  3024 | D:5      | Entered Level 5 of the Dungeon
  3052 | D:6      | Noticed Blork the orc
  3058 | D:6      | Killed Blork the orc
  3167 | D:5      | Found a sparkling altar of Nemelex Xobeh.
  3191 | D:5      | Reached skill level 6 in Axes
  3191 | D:5      | Found Lyqio's General Store.
  3205 | D:5      | Found Guagiefi's Specific Store.
  3353 | D:4      | Reached XP level 7. HP: 61/61 MP: 6/6
  3490 | D:5      | Noticed Dowan
  3490 | D:5      | Noticed Duvessa
  3672 | D:6      | Found an opulent altar of Gozag.
  3779 | D:6      | Reached skill level 7 in Axes
  4092 | D:6      | Noticed a wraith
  4106 | D:6      | Killed a wraith
  4174 | D:6      | Reached XP level 8. HP: 47/70 MP: 7/7
  4330 | D:6      | Reached skill level 8 in Axes
  4363 | D:6      | Found an iron altar of Okawaru.
  4620 | D:7      | Found a glowing silver altar of Zin.
  4641 | D:7      | HP: 3/71 [acid dragon (13)]
  4642 | D:7      | Slain by an acid dragon

Illustrated notes

Levels and vault maps discovered:
D:1:      psy_arrival_conway, layout_rooms, dk_noncrumbling_4
D:2:      layout_basic, serial_forest, infiniplex_forest_clump_small,
          infiniplex_forest_clump_medium, infiniplex_forest_end_double,
          infiniplex_forest_3_way, infiniplex_forest_lined_2,
          infiniplex_forest_straight_2, infiniplex_forest_clump_curved,
          minmay_misc_feat_hallway
D:3:      cheibrodos_pilgrimage, layout_rooms, nicolae_overflow_crystal_walls,
          basic_ecumenical_altar, minmay_goblin_outpost
D:4:      layout_cave_pools
D:5:      layout_loops_ring, nicolae_ru_awakened_eye,
          nemelex_xobeh_ov_fountains_minmay, nicolae_specific_store,
          serial_bayou_pond_c, chequers_serial_rivers_micro_c,
          kennysheep_generic_room_8, uniq_duvessa
D:6:      layout_gridville, mainiacjoe_overflow_tiny_flanked,
          okawaru_metal_pillars_3, minmay_three_doors, uniq_blork_the_orc
D:7:      cheibrodos_statue_roulette, layout_loops_ring, old_standard_altar,
          minmay_temple_entry_water_ring

Skill      XL: |  1  2  3  4  5  6  7  8 |
---------------+-------------------------+-----
Axes           | 3 4 5 6 7 8 |  8.3
Fighting       | 4 5 6 |  6.6
Shields        | 4 |  4.0
Armour         | 4 5 6 |  6.6
Dodging        | 1 2 3 |  3.0

Action                   |  1- 3 |  4- 6 |  7- 9 || total
-------------------------+-------+-------+-------++-------
Melee: War axe           |    70 |    97 |       ||   167
       Headbutt          |     8 |    20 |    17 ||    45
       Hand axe          |       |    13 |    93 ||   106
  Use: Scroll            |       |     2 |     1 ||     3
       Potion            |       |       |     1 ||     1
Armor: Scale mail        |    40 |    58 |    23 ||   121
Dodge: Dodged            |    28 |    59 |    51 ||   138
Block: Buckler           |    16 |    29 |    63 ||   108
       Reflection        |       |       |     1 ||     1

Table legend: (Time is in decaauts)
 A = Elapsed time spent in this place.
 B = Non-inter-level travel time spent in this place.
 C = Inter-level travel time spent in this place.
 D = Time resting spent in this place.
 E = Time spent auto-exploring this place.
 F = Levels seen in this place.
 G = Mean time per level.
                   A        B        C        D        E       F      G
               +--------+--------+--------+--------+--------+-----+--------+
         Total |   4699 |   4561 |    138 |    538 |   3194 |   7 |  671.3 |
       Dungeon |   4699 |   4561 |    138 |    538 |   3194 |   7 |  671.3 |
               +--------+--------+--------+--------+--------+-----+--------+

Top non-repeatable levels by time:
     D:6: 1334 daAuts
     D:2: 1256 daAuts
     D:4: 784 daAuts
     D:3: 776 daAuts
     D:1: 410 daAuts
     D:5: 103 daAuts
     D:7: 34 daAuts
